Map: [ESL] Oceanborn

Players

herO

  • Race: Protoss Protoss
  • Spawn Location: 5:00

Maru - Winner!

  • Race: Terran Terran
  • Spawn Location: 11:00

Event: ESL SC2 Masters 2023 Winter (Finals)

VOD

Have the link to the VOD?

Description

Time

  • Played on: Dec. 16, 2023, 9:44 a.m.
  • Length: 9:43

All games in this series

Show
View Real Time Build Order
Export as new Build Order

herO Protoss 

Build Orders: 1 Gate Expand, Blink Stalkers 

Get SALT Encoding   

  12  0:00  Probe  
  13  0:12  Probe  
  14  0:19  Pylon  
  14  0:24  Probe (Chrono Boost)  
  15  0:37  Probe (Chrono Boost)  
  15  0:38  Gateway  
  16  0:45  Probe (Chrono Boost)  
  16  0:48  Assimilator  
  17  0:51  Probe  
  18  1:03  Probe  
  19  1:15  Probe  
  20  1:25  Cybernetics Core  
  20  1:34  Nexus  
  20  1:40  Pylon  
  20  1:43  Probe  
  21  1:50  Assimilator  
  21  1:55  Probe (Chrono Boost)  
  22  2:01  Adept  
  22  2:04  Warp Gate  
  22  2:07  Probe (Chrono Boost)  
  25  2:14  Probe (Chrono Boost)  
  26  2:22  Probe  
  27  2:24  Twilight Council  
  27  2:31  Adept  
  27  2:34  Probe  
  30  2:43  Gateway  
  30  2:46  Probe x2  
  32  2:53  Blink (Chrono Boost)  
  32  2:58  Probe x2  
  34  3:12  Gateway  
  34  3:13  Probe x2  
  36  3:20  Robotics Facility  
  36  3:25  Probe x2  
  38  3:29  Pylon  
  38  3:33  Pylon  
  38  3:40  Gateway, Probe x2  
  40  3:52  Stalker x2  
  40  3:53  Probe x2  
  46  4:00  Pylon  
  46  4:05  Probe x2  
  46  4:07  Stalker  
  46  4:08  Observer (Chrono Boost)  
  51  4:15  Pylon  
  51  4:18  Stalker  
  51  4:20  Stalker  
  51  4:24  Warp Prism (Chrono Boost)  
  56  4:37  Stalker  
  56  4:38  Stalker  
  60  4:43  Probe x2  
  62  4:45  Pylon  
  62  4:51  Assimilator  
  62  4:55  Probe  
  63  5:07  Stalker, Probe  
  63  5:08  Stalker x2  
  63  5:09  Stalker  
  63  5:12  Pylon  
  64  5:36  Stalker x4  
  72  5:44  Probe x2  
  69  5:54  Nexus  
  69  5:56  Observer, Probe x2  
  67  5:59  Stalker  
  67  6:00  Stalker  
  69  6:08  Probe x2  
  59  6:20  Probe x2 (Chrono Boost)  
  59  6:22  Pylon  
  61  6:25  Stalker x4  
  61  6:32  Probe (Chrono Boost)  
  70  6:35  Probe (Chrono Boost)  
  70  6:36  Probe (Chrono Boost)  
  72  6:42  Probe  
  72  6:46  Probe  
  74  6:54  Probe  
  74  6:58  Probe, Stalker x4  
  80  7:07  Probe  
  81  7:10  Probe  
  76  7:22  Probe (Chrono Boost)  
  73  7:23  Probe (Chrono Boost)  
  73  7:28  Stalker x4  
  80  7:32  Probe (Chrono Boost)  
  80  7:34  Probe x2 (Chrono Boost)  
  83  7:38  Robotics Bay  
  83  7:40  Probe (Chrono Boost)  
  83  7:41  Probe x2 (Chrono Boost)  
  86  7:48  Probe x2  
  86  7:49  Probe  
  89  8:00  Probe  
  89  8:01  Probe x2  
  91  8:07  Shield Battery  
  91  8:09  Shield Battery  
  91  8:12  Probe  
  92  8:13  Shield Battery, Probe x2  
  92  8:14  Sentry  
  92  8:15  Sentry, Zealot x2  
  92  8:18  Pylon  
  102  8:23  Gateway  
  102  8:27  Probe  
  102  8:29  Gateway  
  102  8:31  Colossus (Chrono Boost)  
  102  8:33  Forge  
  109  8:37  Observer  
  109  8:39  Zealot x3  
  115  8:47  Pylon  
  115  8:48  Shield Battery  
  115  8:51  Pylon  
  115  8:52  Pylon  
  103  9:05  Zealot x2  
  103  9:06  Zealot x2  
  103  9:09  Shield Battery  
  107  9:18  Gateway  
  107  9:20  Gateway  
  107  9:30  Zealot x2, Stalker  
  107  9:31  Zealot x2  
  105  9:38  Zealot  
Show
View Real Time Build Order
Export as new Build Order

Maru Terran - Winner!

Build Orders:  

Get SALT Encoding   

  12  0:00  SCV  
  13  0:12  SCV  
  14  0:17  Supply Depot  
  14  0:24  SCV  
  15  0:38  SCV  
  15  0:41  Barracks  
  16  0:44  Refinery  
  16  0:50  SCV  
  17  1:03  SCV  
  18  1:15  SCV  
  19  1:28  Marine  
  19  1:29  Orbital Command  
  20  1:50  Command Center  
  20  1:54  SCV  
  20  1:57  Factory  
  21  2:03  Supply Depot  
  21  2:05  Barracks Reactor  
  21  2:07  SCV  
  22  2:13  Refinery  
  22  2:19  SCV  
  23  2:31  SCV  
  24  2:41  Hellion  
  24  2:42  Marine x2, Starport  
  28  2:46  SCV  
  29  2:58  SCV  
  29  3:00  Marine  
  29  3:01  Orbital Command, Marine  
  29  3:02  Widow Mine  
  34  3:10  SCV  
  35  3:18  Marine  
  35  3:19  Supply Depot  
  36  3:20  Orbital Command  
  36  3:21  Medivac  
  36  3:22  SCV  
  36  3:25  Widow Mine  
  41  3:32  Marine  
  42  3:35  SCV  
  42  3:36  Marine  
  44  3:45  SCV  
  44  3:47  SCV  
  46  3:49  Marine  
  46  3:50  Factory Tech Lab  
  46  3:51  Starport Tech Lab  
  46  3:54  Marine  
  48  3:59  SCV  
  48  4:00  SCV  
  48  4:01  Supply Depot  
  50  4:05  Refinery  
  50  4:07  Marine  
  49  4:10  Raven, Siege Tank  
  49  4:14  Bunker  
  54  4:22  SCV x2, Marine  
  55  4:34  Barracks, SCV x2  
  55  4:37  Marine, Supply Depot, Engineering Bay  
  58  4:44  Siege Tank  
  61  4:46  SCV  
  61  4:50  Barracks  
  61  4:51  Supply Depot  
  62  4:58  SCV x2, Marine x2  
  66  5:01  Supply Depot  
  66  5:06  Terran Infantry Weapons Level 1  
  66  5:10  SCV  
  67  5:16  Marine x2  
  67  5:17  Supply Depot  
  67  5:18  SCV  
  67  5:20  Starport Reactor  
  70  5:24  SCV  
  71  5:30  SCV  
  71  5:31  Marine  
  71  5:34  Marine x2  
  71  5:36  SCV  
  72  5:43  Siege Tank  
  72  5:49  Marauder, Marine  
  76  5:52  Marine  
  72  5:57  Medivac x2  
  72  6:02  Marine  
  77  6:07  SCV  
  79  6:14  SCV  
  74  6:19  Siege Tank, SCV  
  74  6:20  Barracks Tech Lab  
  74  6:21  Barracks Tech Lab  
  74  6:22  Marine x2  
  79  6:25  Bunker  
  79  6:26  SCV  
  79  6:30  Medivac  
  79  6:31  SCV  
  83  6:38  SCV  
  83  6:40  Stimpack, Marine x2  
  85  6:50  SCV  
  86  6:58  Marine, Supply Depot  
  86  6:59  Marauder  
  90  7:01  SCV  
  90  7:05  Supply Depot, Refinery  
  90  7:08  Marauder, Marine  
  92  7:09  Combat Shield, Factory Reactor  
  92  7:12  SCV  
  92  7:14  Terran Infantry Armor Level 1  
  92  7:15  SCV  
  92  7:16  Marine  
  92  7:20  Marauder  
  90  7:24  SCV  
  90  7:26  Marine  
  90  7:29  Marine, SCV  
  93  7:31  Supply Depot x2  
  93  7:32  Refinery  
  93  7:34  Marine  
  94  7:39  Widow Mine  
  94  7:42  Marauder  
  94  7:44  Marine  
  98  7:47  Marauder  
  101  7:51  Supply Depot  
  95  7:59  SCV x2  
  95  8:01  Marine  
  95  8:03  Marauder  
  97  8:06  Widow Mine, Medivac  
  97  8:09  Marauder  
  97  8:10  Viking  
  97  8:11  SCV, Marine  
  107  8:20  Concussive Shells  
  107  8:23  Marine  
  107  8:25  Marauder  
  110  8:28  Widow Mine  
  110  8:29  Marine  
  110  8:30  Marauder  
  115  8:41  Marine  
  116  8:46  Marauder  
  116  8:47  Marine  
  119  8:49  Widow Mine  
  119  8:51  SCV x2  
  119  8:52  Marauder  
  123  8:55  Liberator  
  123  8:56  Liberator  
  123  8:58  Marine  
  128  9:03  SCV  
  128  9:05  Marine  
  128  9:07  Marauder  
  128  9:08  SCV  
  132  9:13  Marauder  
  132  9:15  SCV  
  132  9:16  Marine  
  136  9:20  SCV  
  136  9:22  Marine  
  134  9:28  SCV  
Tags
 
Add a new tag
Caveats
  • Supply blocks, unpowered buildings, or Contaminate may cause inaccurate times.
  • Supply counts are checked every 10 seconds.